AoeStats
← QNa_NguaHoang

Oasis

508169242Analyzed
4v4 RM · 10d ago on Sep 21, 2026· 27m 21s· 8 players
Game mode
Random Map
Map size
Large (8 player)
Population
200
Speed
Normal
Resources
Standard
Victory
Conquest
Starting age
Dark Age
Ending age
Imperial Age
RankedLock teamsTeams togetherTeam positionsShared explorationLock speedFull tech treeHidden civsTurbo modeCheats
Victory
Defeat
🇩🇪 Poles · Germany
1327
+11
🇦🇷 Khmer · Argentina
1318
+11
🇲🇽 Slavs · Mexico
1115
+19
🇸🇪 Vikings · Sweden
1084
+21
🇻🇳 Burgundians · Vietnam
1246
-17
🇦🇺 Wu · Australia
1239
-17
🇭🇰 Vietnamese · Hong Kong SAR China
1205
-16
🇨🇳 Portuguese · China
1109
-12
YKY
10:58 Feudal Age
15:10 Castle Age
15:53 Double-Bit Axe
17:44 Thumb Ring
18:13 Fletching
21:57 Loom
Vanilla Gorilla
11:04 Feudal Age
15:15 Castle Age
13:24 Double-Bit Axe
13:26 Horse Collar
16:52 Bow Saw
16:57 Heavy Plow
19:15 Loom
23:46 Wheelbarrow
25:08 Fletching
25:50 Hand Cart
27:18 Bodkin Arrow
27:55 Padded Archer Armor
wtcl
6:26 Loom
9:48 Feudal Age
10:20 Double-Bit Axe
13:03 Horse Collar
21:33 Castle Age
20:13 Bloodlines
21:49 Scale Barding Armor
QNa_NguaHoang
2:56 Loom
12:12 Feudal Age
12:17 Double-Bit Axe
12:14 Horse Collar
14:38 Bow Saw
20:24 Padded Archer Armor
22:12 Gold Mining
24:23 Gold Shaft Mining
24:17 Fletching
Naco y Estúpido
10:08 Feudal Age
10:48 Double-Bit Axe
11:22 Man-at-Arms
11:56 Loom
13:49 Horse Collar
15:11 Scale Mail Armor
19:16 Forging
23:22 Castle Age
24:00 Gold Mining
24:01 Stone Mining
24:25 Bow Saw
24:18 Heavy Plow
25:15 Iron Casting
24:55 Chain Mail Armor
24:11 Long Swordsman
26:28 Squires
28:15 Chain Mail Armor
4♚Dreams
10:55 Feudal Age
9:12 Loom
11:29 Horse Collar
11:37 Double-Bit Axe
14:25 Scale Barding Armor
14:31 Forging
18:47 Gold Mining
22:48 Castle Age
24:00 Heavy Plow
24:21 Bow Saw
25:32 Szlachta Privileges
27:49 Husbandry
28:02 Bloodlines
GuilleGodoy95
10:07 Loom
13:57 Feudal Age
18:47 Castle Age
17:29 Double-Bit Axe
19:09 Forging
Wavedash
9:08 Loom
11:57 Feudal Age
15:28 Forging
16:38 Scale Barding Armor
24:39 Castle Age
24:16 Gold Mining
24:16 Stone Mining
24:32 Double-Bit Axe
25:18 Loom
26:32 Gold Shaft Mining
26:45 Iron Casting
26:30 Chain Barding Armor
26:21 Loom
27:04 Horse Collar
Connection lost

Rejoining the realm…

Still unreachable

The connection could not be restored.

Session expired

The server has moved on; the page needs a fresh start.